 Dungeon Crawl Stone Soup version 0.30-a0-49-g1cef19eb02 (webtiles) character file.

Game seed: 13044635971075091875

40 scionoferis the Grasshopper (level 3, -1/32 HPs)
             Began as a Naga Warper on Sept 2, 2022.
             Slain by Robin
             ... wielding a +0 falchion
              (7 damage)
             ... on level 2 of the Dungeon.
             The game lasted 00:03:33 (1541 turns).

scionoferis the Grasshopper (Naga Warper)           Turns: 1541, Time: 00:03:33

Health: -1/32      AC:  2    Str: 13    XL:     3   Next: 50%
Magic:  6/6        EV:  9    Int: 13    God:
Gold:   50         SH:  0    Dex: 12    Spells: 6/6 levels left

rFire   . . .      SeeInvis +    a - +0 falchion
rCold   . . .      Faith    .    (no shield)
rNeg    . . .      Spirit   .    b - +0 leather armour
rPois   +          Reflect  .    (no helmet)
rElec   .          Harm     .    (no cloak)
rCorr   .          Rampage  .    (no gloves)
Will    .....                    (no barding)
Stlth   +.........               (no amulet)
HPRegen 0.10/turn                (no ring)
MPRegen 0.10/turn                (no ring)

@: very slow
A: AC +1, large, see invisible, deformed body, poison resistance, slowness 2,
spit poison 1, naga tail 1
a: Spit Poison


You were on level 2 of the Dungeon.
You visited 1 branch of the dungeon, and saw 2 of its levels.

You collected 50 gold pieces.

Inventory:

Hand Weapons
 a - a +0 falchion (weapon)
Missiles
 d - 7 boomerangs of dispersal (quivered)
Armour
 b - a +0 leather armour (worn)
Scrolls
 c - a scroll of blinking
 f - 3 scrolls of identify
 g - 2 scrolls of teleportation
 k - a scroll of magic mapping
 l - a scroll of silence
Potions
 e - a potion of magic
 h - a potion of lignification {unknown}
 i - a potion of brilliance {unknown}
 j - a potion of degeneration {unknown}


   Skills:
 - Level 2.0 Fighting
 * Level 3.0 Long Blades
 - Level 0.8 Throwing
 - Level 0.7 Armour
 - Level 1.5 Dodging
 + Level 2.4 Spellcasting
 + Level 3.3 Translocations


You had 6 spell levels left.
You didn't know any spells.
Your spell library contained the following spells:

 Spells                   Type           Power      Damage    Failure   Level
 Blink                    Tloc           20%        N/A       12%         2
 Gell's Gravitas          Tloc           10%        N/A       24%         3
 Lesser Beckoning         Tloc           10%        N/A       24%         3
 Teleport Other           Tloc           10%        N/A       24%         3
 Manifold Assault         Tloc           10%        N/A       91%         5


Dungeon Overview and Level Annotations

Branches:
Dungeon (2/15)

Altars:

Annotations:
D:2 Robin


Innate Abilities, Weirdness & Mutations

Your serpentine skin is tough. (AC +1)
You have supernaturally acute eyesight. (SInv)
Armour fits poorly on your strangely shaped body.
Your system is resistant to poisons. (rPois)
You cover ground very slowly.
You can spit poison.
You have a snake-like lower body.


Message History

You see here a +0 war axe.
You barely miss the ball python. The ball python barely misses you.
Robin of the Strong Arm comes into view.
They are wielding a +0 falchion.
The ball python bites you.
Robin shouts!
You hit the ball python.
You kill the ball python!
A goblin comes into view. It is wielding a +0 club.
The goblin shouts!
Robin roars a battlecry!
The goblin goes into a battle-frenzy!
Aiming: Spit Poison (2% risk of failure)
Press: ? - help, Shift-Dir - straight line, f - Robin
Aim: Robin, wielding a +0 falchion, wearing a +0 animal skin and wearing a +0 helmet (70% to hit)
The splash of poison hits Robin.
Robin is lightly wounded.
Robin points. "Kill!"
Unknown command.
Unknown command.
A hobgoblin comes into view.
You have got your breath back.
A hobgoblin comes into view.
The hobgoblin shouts!
You barely miss Robin.
Robin is lightly wounded.
Robin hits you with a +0 falchion.
You hit Robin but do no damage.
Robin is lightly wounded.
Robin hits you with a +0 falchion.
* * * LOW HITPOINT WARNING * * *
You hit Robin.
Robin is heavily wounded.
Robin hits you with a +0 falchion.
* * * LOW HITPOINT WARNING * * *
You closely miss Robin.
Robin is heavily wounded.
Robin barely misses you.
It was a potion of magic.
Magic courses through your body. Robin hits you with a +0 falchion!
You die...

#.......#.####.####.......
#..............#..........
#..........†##............
#........##.##......###...
#................##.# #...
#####.#####.##.####.# #...
#.......##.####.# #...
##########......####.#
#....@gg##.#.........#
.......##g)))...########
###.##. #.##.#..# #
#.......#†.#
####.##.....g.#
...............g
###........#.S###
#.#.[#...#.## #.#....... .


You could see Robin, a hobgoblin (strong) and a goblin (strong).

Vanquished Creatures
  7 ball pythons
  2 endoplasms
  A giant cockroach (D:1)
  5 goblins
  2 hobgoblins (D:2)
  4 jackals (D:1)
  2 kobolds (D:2)
  2 quokkas
  4 bats
  A frilled lizard (D:1)
  5 rats
35 creatures vanquished.

Notes
Turn   | Place    | Note
-------+----------+-------------------------------------------
     0 | D:1      | scionoferis the Naga Warper began the quest for the Orb.
     0 | D:1      | Reached XP level 1. HP: 19/19 MP: 3/3
   272 | D:1      | Reached XP level 2. HP: 26/26 MP: 5/5
  1087 | D:2      | Reached XP level 3. HP: 31/32 MP: 6/6
  1530 | D:2      | Noticed Robin
  1541 | D:2      | Slain by Robin

Illustrated notes

Levels and vault maps discovered:
D:1:      shiori_arrival_elements, layout_basic
D:2:      layout_loops_cross, nrook_uturn, minmay_misc_feat_more_columns,
          uniq_crazy_yiuf_cottage, uniq_sigmund, uniq_robin

Skill      XL: |  1  2  3 |
---------------+----------+-----
Long Blades    | 3 |  3.0
Fighting       | |  2.0
Throwing       | |  0.8
Armour         | |  0.7
Dodging        | |  1.5
Spellcasting   | |  2.4
Translocations | |  3.3

Action                   || total
-------------------------++-------
Melee: Falchion          ||    86
       Punch             ||     1
 Abil: Spit Poison       ||     4
  Use: Scroll            ||     3
       Potion            ||     1
Armor: Leather armour    ||    13
Dodge: Dodged            ||    39

Table legend: (Time is in decaauts)
 A = Elapsed time spent in this place.
 B = Non-inter-level travel time spent in this place.
 C = Inter-level travel time spent in this place.
 D = Time resting spent in this place.
 E = Time spent auto-exploring this place.
 F = Levels seen in this place.
 G = Mean time per level.
                   A        B        C        D        E       F      G
               +--------+--------+--------+--------+--------+-----+--------+
         Total |   1934 |   1927 |      7 |      0 |   1644 |   2 |  967.0 |
       Dungeon |   1934 |   1927 |      7 |      0 |   1644 |   2 |  967.0 |
               +--------+--------+--------+--------+--------+-----+--------+

Top non-repeatable levels by time:
     D:1: 1223 daAuts
     D:2: 710 daAuts
